 Dungeon Crawl Stone Soup version 0.17.1-2-g5865329 (webtiles) character file.

352 Moresty the Ruffian (level 6, -11/61 HPs)
             Began as a Troll Monk on Jan 10, 2016.
             Mangled by an ogre
             ... wielding a +0 giant club
              (21 damage)
             ... on level 4 of the Dungeon on Jan 11, 2016.
             The game lasted 00:13:37 (2863 turns).

Moresty the Ruffian (Troll Monk)                    Turns: 2863, Time: 00:13:37

Health: -11/61     AC:  7    Str: 22    XL:     6   Next: 34%
Magic:  5/5        EV: 11    Int:  6    God:
Gold:   144        SH:  0    Dex: 12    Spells: 0 memorised, 5 levels left

rFire  . . .     SeeInvis .       - Unarmed
rCold  . . .     Clarity  .     a - +0 robe
rNeg   . . .     SustAt   .     (no shield)
rPois  .         Gourm    +     n - +2 hat
rElec  .         Spirit   .     (no cloak)
rCorr  .         Warding  .     (gloves unavailable)
rMut   .         Stasis   .     (boots unavailable)
MR     .....                    (no amulet)
Stlth  ++........               (no ring)
                                (no ring)

@: lethally poisoned (-11 -> -14), not resistant to hostile enchantments,
unstealthy
A: unfitting armour, claws 3, fast metabolism 3, gourmand, regeneration 2,
shaggy fur 1, tough skin 2
a: no special abilities


You were on level 4 of the Dungeon.
You were very full.

You visited 1 branch of the dungeon, and saw 5 of its levels.

You collected 144 gold pieces.

Inventory:

Armour
 a - a +0 robe (worn)
 n - a +2 hat (worn)
Scrolls
 c - 4 scrolls of teleportation
 d - 2 scrolls of identify
 e - a scroll of remove curse
 i - a scroll of enchant weapon {unknown}
 j - 2 scrolls of fog {unknown}
 o - a scroll of magic mapping {unknown}
Potions
 f - a potion of ambrosia {unknown}
 g - a potion of brilliance {unknown}
 h - 2 potions of heal wounds {unknown}
 k - a potion of curing
 l - a potion of invisibility {unknown}
 m - a potion of mutation {unknown}
Comestibles
 b - 2 bread rations
 p - 3 chunks of flesh


   Skills:
 + Level 3.6 Fighting
 + Level 4.0 Dodging
 + Level 1.5 Stealth
 + Level 5.4 Unarmed Combat


You had 5 spell levels left.
You didn't know any spells.

Dungeon Overview and Level Annotations

Branches:
Dungeon (5/15)
 Temple: D:4-7

Altars:
Cheibriados
Kikubaaqudgha
The Shining One

Annotations:
D:4 Mysteryquy's ghost, novice TeAE


Innate Abilities, Weirdness & Mutations

You are too large for most types of armour.
You have claws for hands.
Your metabolism is lightning-fast.
You like to eat raw meat.
You heal very quickly.
You are covered in fur (AC +1).
You have very tough skin (AC +2).


Message History

You are too injured to fight recklessly!
You are too injured to fight recklessly!
You are too injured to fight recklessly!
You are too injured to fight recklessly!
You feel better. Mysteryquy's ghost hits you.
You are poisoned.
You closely miss Mysteryquy's ghost.
Mysteryquy's ghost is almost destroyed.
You feel sick. The ogre hits you with a giant club!
* * * LOW HITPOINT WARNING * * *
Mysteryquy's ghost casts a spell.
You are struck by lightning.
* * * LOW HITPOINT WARNING * * *
The lightning grounds out.
You closely miss Mysteryquy's ghost.
Mysteryquy's ghost is almost destroyed.
Mysteryquy's ghost hits you but does no damage.
You are more poisoned.
The ogre hits you with a giant club!!
You die...

.## ..# ...
#########..
#.$......#
#........#
#####
#....W...##.##
#....
#....@........
.....
#..)$O...##.##
#....
#........#
####
####.....#
#.#.#.#
#.#.#.#
#.#.... ###
#.%##.## .. #.
# #.


You could see an ogre and Mysteryquy's ghost.

Vanquished Creatures
  An orc priest (D:3)
  Ijyb (D:3)
  4 orc wizards (D:3)
  A worker ant (D:4)
  3 gnolls (D:2)
  7 adders
  3 worms
  3 giant geckos
  4 orcs (D:3)
  3 ball pythons
  4 giant cockroaches
  7 goblins
  6 hobgoblins
  3 quokkas
  4 bats
  4 giant newts
  10 kobolds
  8 rats
76 creatures vanquished.

Notes
Turn   | Place    | Note
--------------------------------------------------------------
     0 | D:1      | Moresty the Troll Monk began the quest for the Orb.
     0 | D:1      | Reached XP level 1. HP: 22/22 MP: 0/0
   440 | D:1      | Reached XP level 2. HP: 29/29 MP: 1/1
  1161 | D:2      | Reached XP level 3. HP: 36/36 MP: 2/2
  1221 | D:2      | Reached XP level 4. HP: 17/44 MP: 3/3
  1388 | D:2      | Found a glowing golden altar of the Shining One.
  1794 | D:3      | Reached XP level 5. HP: 53/53 MP: 4/4
  1809 | D:3      | Found a snail-covered altar of Cheibriados.
  2001 | D:3      | Noticed Ijyb
  2028 | D:3      | Killed Ijyb
  2028 | D:3      | Reached skill level 5 in Unarmed Combat
  2157 | D:3      | Found an ancient bone altar of Kikubaaqudgha.
  2247 | D:3      | Reached XP level 6. HP: 57/61 MP: 5/5
  2742 | D:4      | Noticed Mysteryquy's ghost (novice TeAE)
  2752 | D:5      | Entered Level 5 of the Dungeon
  2863 | D:4      | Mangled by an ogre

Action                   |  1- 3 |  4- 6 || total
-------------------------+-------+-------++-------
Melee: Unarmed           |    74 |   148 ||   222
  Use: Scroll            |       |     3 ||     3
       Potion            |       |     1 ||     1
 Stab: Sleeping          |     4 |     1 ||     5
  Eat: Chunk             |    16 |    14 ||    30
